[Event "Titled Tuesday Blitz September 27 Early 2022"]
[White "Meshkovs, Nikita"]
[Black "Kollars, Dmitrij"]
[WhiteFideId "11602740"]
[BlackFideId "12909572"]
[WhiteElo "2506"]
[BlackElo "2584"]
[Result "0-1"]
[Round "08"]
[TimeControl "180+1"]
[Date "2022.09.27"]
[WhiteClock "0:00:01"]
[BlackClock "0:00:16"]

1. c4 Nf6 2. Nc3 e6 3. d4 Bb4 4. e3 c5 5. Nf3 d5 6. Bd3 O-O 7. O-O Nc6 8. a3 Bxc3 9. bxc3 Re8 10. Bb2 Na5 11. Nd2 Qc7 12. cxd5 exd5 13. Qf3 Bg4 14. Qg3 Qxg3 15. hxg3 c4 16. Bc2 Bh5 17. Rae1 Bg6 18. Bxg6 hxg6 19. f3 b5 20. Rf2 Re6 21. Rfe2 Nd7 22. e4 Rae8 23. Kf2 Nb6 24. Re3 f6 25. g4 Nb7 26. Bc1 Nd6 27. e5 fxe5 28. Rxe5 Kf7 29. f4 Na4 30. R1e3 Rxe5 31. fxe5 Nb7 32. Ke2 Nd8 33. Rh3 Ne6 34. Kd1 g5 35. Kc2 Kg6 36. Nf3 a5 37. Rh5 b4 38. axb4 axb4 39. cxb4 Rb8 40. Bxg5 Rxb4 41. Bc1 Rb3 42. Rh8 Rc3+ 43. Kd1 Rd3+ 44. Ke2 Nxd4+ 45. Nxd4 Rxd4 46. Be3 Nc3+ 47. Kf3 Rd3 48. Rd8 Nd1 49. Kf4 Nxe3 0-1


[Site "https://www.chess.com"]

[Event "Titled Tuesday Blitz September 27 Early 2022"]
[White "Mihailidis, Anastasios"]
[Black "Rose, Felix"]
[WhiteFideId "4205588"]
[BlackFideId "5105722"]
[WhiteElo "2312"]
[BlackElo "2039"]
[Result "1-0"]
[Round "08"]
[TimeControl "180+1"]
[Date "2022.09.27"]
[WhiteClock "0:00:16"]
[BlackClock "0:00:25"]

1. e4 c5 2. Nf3 e6 3. c4 a6 4. Be2 Nc6 5. O-O Qc7 6. Nc3 b6 7. d4 cxd4 8. Nxd4 Bb7 9. Be3 Bd6 10. g3 Be5 11. f4 Bxd4 12. Bxd4 Nxd4 13. Qxd4 Qc5 14. Rad1 Ne7 15. Qxc5 bxc5 16. Bf3 Rb8 17. b3 Bc6 18. e5 Bxf3 19. Rxf3 Nc6 20. Ne4 Nd4 21. Rf2 Rc8 22. Nd6+ Ke7 23. Nxc8+ Rxc8 24. Kg2 a5 25. Rfd2 a4 26. Rxd4 cxd4 27. Rxd4 axb3 28. axb3 Ra8 29. Rd2 Ra1 30. Rb2 Kd8 31. Kf3 Kc7 32. Ke4 Kc6 33. Kd4 Rc1 34. Ra2 Rb1 35. Kc3 Rc1+ 36. Kb4 Kb7 37. Kb5 Rd1 38. b4 d6 39. exd6 Rxd6 40. c5 Rd5 41. Kc4 g5 42. b5 gxf4 43. gxf4 Rf5 44. c6+ Kb8 45. Rd2 Rxf4+ 46. Kc5 Kc8 47. b6 Rf5+ 48. Kd6 Rb5 49. Ra2 Rxb6 50. Ra8+ Rb8 51. Rxb8+ Kxb8 52. Kd7 Ka7 53. c7 1-0


[Site "https://www.chess.com"]

[Event "Titled Tuesday Blitz September 27 Early 2022"]
[White "Milikow, Yoav"]
[Black "Bacrot, Etienne"]
[WhiteFideId "2822237"]
[BlackFideId "605506"]
[WhiteElo "2341"]
[BlackElo "2666"]
[Result "0-1"]
[Round "08"]
[TimeControl "180+1"]
[Date "2022.09.27"]
[WhiteClock "0:00:22"]
[BlackClock "0:00:17"]

1. d4 d5 2. c4 e6 3. Nc3 Bb4 4. cxd5 exd5 5. Bf4 Ne7 6. e3 O-O 7. Bd3 Bf5 8. Ne2 c6 9. O-O Bd6 10. Bxd6 Qxd6 11. f3 Bxd3 12. Qxd3 Na6 13. Ng3 Rad8 14. Rfd1 Nc7 15. Rac1 Ne6 16. Na4 f5 17. f4 g5 18. fxg5 Nxg5 19. Nc5 Rb8 20. Rf1 b6 21. Na6 Rbe8 22. Nxf5 Nxf5 23. Rxf5 Nh3+ 24. Kh1 Nf2+ 25. Rxf2 Rxf2 26. a3 Ref8 27. Nb4 Qf6 28. Kg1 Rxg2+ 29. Kxg2 Qf3+ 30. Kg1 Kh8 0-1


[Site "https://www.chess.com"]

[Event "Titled Tuesday Blitz September 27 Early 2022"]
[White "Mirzoev, Azer"]
[Black "Becerra, Juan David"]
[WhiteFideId "13400304"]
[BlackFideId "4404998"]
[WhiteElo "2525"]
[BlackElo "2278"]
[Result "1-0"]
[Round "08"]
[TimeControl "180+1"]
[Date "2022.09.27"]
[WhiteClock "0:01:29"]
[BlackClock "0:00:05"]

1. e4 e5 2. Nc3 Nf6 3. Bc4 Bc5 4. d3 c6 5. Bb3 d6 6. h3 h6 7. Qf3 Be6 8. Nge2 Nbd7 9. Ng3 b5 10. Nf5 Kf8 11. O-O a5 12. a4 b4 13. Ne2 Bxb3 14. cxb3 Ng8 15. d4 exd4 16. Nfxd4 Ne5 17. Qg3 Ne7 18. Be3 Nd7 19. Rac1 Rc8 20. Rfd1 h5 21. Nf4 Kg8 22. Qf3 Ne5 23. Qe2 g6 24. Nde6 fxe6 25. Bxc5 Qf8 26. Nxe6 Qf6 27. Rxd6 Nf7 28. e5 Qxe5 29. Qxe5 Nxe5 30. Ng5 Nf5 31. Re6 Nd3 32. Rxg6+ Ng7 33. Bd4 Nxc1 34. Rxg7+ Kf8 35. Ne6+ Ke8 36. Bc5 1-0


[Site "https://www.chess.com"]

[Event "Titled Tuesday Blitz September 27 Early 2022"]
[White "Miszler, Levente"]
[Black "Gorshtein, Ido"]
[WhiteFideId "763276"]
[BlackFideId "2815532"]
[WhiteElo "1966"]
[BlackElo "2411"]
[Result "1-0"]
[Round "08"]
[TimeControl "180+1"]
[Date "2022.09.27"]
[WhiteClock "0:00:28"]
[BlackClock "0:00:55"]

1. e4 Nc6 2. Nf3 d6 3. d4 Nf6 4. Nc3 g6 5. d5 Nb8 6. Be3 Bg7 7. h3 O-O 8. Qd2 c6 9. Bh6 Bxh6 10. Qxh6 cxd5 11. exd5 Nbd7 12. O-O-O b5 13. Bxb5 Rb8 14. Ng5 Qb6 15. Rhe1 Re8 16. b3 Qxf2 17. Bxd7 Bxd7 18. Nce4 Qf4+ 19. Kb1 Bb5 20. Rd4 e5 21. dxe6 Rxe6 22. Nxf6+ Qxf6 23. Qxh7+ Kf8 24. Rxe6 Qxd4 25. Qxf7# 1-0


[Site "https://www.chess.com"]

[Event "Titled Tuesday Blitz September 27 Early 2022"]
[White "Mitrovic, Darko R"]
[Black "Jiganchine, Roman"]
[WhiteFideId "927023"]
[BlackFideId "2603667"]
[WhiteElo "2150"]
[BlackElo "2266"]
[Result "0-1"]
[Round "08"]
[TimeControl "180+1"]
[Date "2022.09.27"]
[WhiteClock "0:00:04"]
[BlackClock "0:01:13"]

1. d4 d5 2. c4 e6 3. Nf3 Nf6 4. g3 c6 5. Nbd2 Be7 6. Bg2 O-O 7. O-O Nbd7 8. Qc2 b6 9. e4 Bb7 10. b3 Rc8 11. e5 Ne8 12. Bb2 c5 13. Rac1 Nc7 14. cxd5 Nxd5 15. Qb1 cxd4 16. Bxd4 Bb4 17. Ne4 Qe7 18. h4 h6 19. Rxc8 Rxc8 20. Rc1 Qd8 21. g4 Nf8 22. g5 h5 23. Ng3 Nf4 24. Rxc8 Qxc8 25. Be3 N8g6 26. Bh1 Bd5 27. Qd1 Qb7 28. Bxf4 Nxf4 0-1


[Site "https://www.chess.com"]

[Event "Titled Tuesday Blitz September 27 Early 2022"]
[White "Nakamura, Hikaru"]
[Black "Wojtaszek, Radoslaw"]
[WhiteFideId "2016192"]
[BlackFideId "1118358"]
[WhiteElo "2850"]
[BlackElo "2606"]
[Result "1-0"]
[Round "08"]
[TimeControl "180+1"]
[Date "2022.09.27"]
[WhiteClock "0:00:38"]
[BlackClock "0:00:04"]

1. Nf3 c5 2. e4 d6 3. c3 Nf6 4. Bd3 g6 5. h3 Bg7 6. Bc2 e5 7. O-O O-O 8. Re1 Nc6 9. d3 h6 10. a3 Be6 11. b4 b5 12. Nbd2 a5 13. bxc5 dxc5 14. a4 b4 15. Bb2 Ne8 16. Qe2 Nd6 17. Bb3 Bxb3 18. Nxb3 Qb6 19. Rab1 Rfd8 20. Qe3 Nb7 21. Nfd2 bxc3 22. Bxc3 Nb4 23. Bxb4 axb4 24. Nc4 Qc7 25. a5 Ra6 26. Rec1 Bf8 27. Qe2 Re6 28. Ra1 Ra8 29. Ra2 Raa6 30. Rca1 Nd6 31. Nxd6 Rexd6 32. Rc2 Rdc6 33. Rac1 Ra8 34. Qe3 Rc8 35. Ra2 h5 36. a6 Qa7 37. Rca1 R8c7 38. Qg5 c4 39. dxc4 Rxc4 40. Qxe5 Rc2 41. Rxc2 Rxc2 42. Qd4 Qa8 43. a7 Bg7 44. Qd5 1-0


[Site "https://www.chess.com"]

[Event "Titled Tuesday Blitz September 27 Early 2022"]
[White "Navarrete Mendez, Gonzalo Alberto"]
[Black "Buscar, Michael"]
[WhiteFideId "5106850"]
[BlackFideId "2603616"]
[WhiteElo "2261"]
[BlackElo "2010"]
[Result "1-0"]
[Round "08"]
[TimeControl "180+1"]
[Date "2022.09.27"]
[WhiteClock "0:01:03"]
[BlackClock "0:01:11"]

1. e4 c5 2. Nf3 Nc6 3. Nc3 Nf6 4. d4 cxd4 5. Nxd4 e5 6. Ndb5 h6 7. Nd5 Nxd5 8. exd5 a6 9. Nc3 Nb8 10. d6 Qb6 11. Ne4 Qb4+ 12. Nc3 Qxd6 13. Nd5 Be7 14. Be3 O-O 15. Nb6 Qb4+ 16. c3 Qxb2 17. Nxa8 Qxc3+ 18. Bd2 Qc6 19. Rc1 Qd5 20. Nb6 Qe4+ 21. Qe2 Qxe2+ 22. Bxe2 Nc6 23. O-O d6 24. Nxc8 Rxc8 25. Bf3 f5 26. Bd5+ Kf8 27. Be6 1-0


[Site "https://www.chess.com"]

[Event "Titled Tuesday Blitz September 27 Early 2022"]
[White "Orlov, Georgi"]
[Black "Sztokbant, Bernardo Vainzoff"]
[WhiteFideId "2011271"]
[BlackFideId "2115956"]
[WhiteElo "2575"]
[BlackElo "2172"]
[Result "1-0"]
[Round "08"]
[TimeControl "180+1"]
[Date "2022.09.27"]
[WhiteClock "0:02:13"]
[BlackClock "0:01:28"]

1. d4 Nf6 2. Nf3 g6 3. c4 Bg7 4. Nc3 d5 5. Qb3 dxc4 6. Qxc4 O-O 7. e4 a6 8. e5 Ne8 9. h4 b5 10. Qb3 Bb7 11. Be3 Nc6 12. h5 Na5 13. Qc2 Bxf3 14. gxf3 c5 15. dxc5 Bxe5 16. hxg6 fxg6 17. Qe4 Bg7 18. Rd1 Qc8 19. Nd5 Nc6 20. Nb6 Qb7 21. Rd7 Nc7 22. Nxa8 Rxa8 23. Qh4 h5 24. Qe4 Kf7 25. Rg1 1-0


[Site "https://www.chess.com"]

[Event "Titled Tuesday Blitz September 27 Early 2022"]
[White "Ovezdurdyyeva, Jemal"]
[Black "Roque Sola, Gisela"]
[WhiteFideId "14001888"]
[BlackFideId "5120241"]
[WhiteElo "1946"]
[BlackElo "1845"]
[Result "0-1"]
[Round "08"]
[TimeControl "180+1"]
[Date "2022.09.27"]
[WhiteClock "0:00:17"]
[BlackClock "0:00:16"]

1. e4 c5 2. Nf3 Nc6 3. c3 d5 4. exd5 Qxd5 5. d4 cxd4 6. cxd4 e6 7. Nc3 Bb4 8. Be2 Nf6 9. O-O Qd8 10. Qb3 Bd6 11. Bg5 h6 12. Bh4 Be7 13. Rfd1 O-O 14. Rac1 Qb6 15. Qc2 Nb4 16. Qb1 Nbd5 17. Nxd5 Nxd5 18. Bxe7 Nxe7 19. Ne5 Nd5 20. b3 Qd6 21. Qe4 Bd7 22. Bd3 f5 23. Qh4 Rac8 24. Bc4 b5 25. Bxd5 exd5 26. Qg3 f4 27. Qf3 Bf5 28. h3 Be4 29. Qe2 f3 30. gxf3 Bf5 31. Kh2 Qe6 32. Qf1 b4 33. Qg2 Rc3 34. Rg1 g5 35. f4 Rxh3+ 36. Qxh3 Bxh3 37. fxg5 Rxf2+ 38. Kg3 Rf5 39. gxh6 Rg5+ 40. Kh2 Rxg1 41. Rxg1+ Kh7 42. Rg3 Bf5 43. Nf3 Qe2+ 44. Kg1 Qd1+ 45. Kg2 Be4 0-1


[Site "https://www.chess.com"]

[Event "Titled Tuesday Blitz September 27 Early 2022"]
[White "Ozen, Bahadir"]
[Black "Sebenik, Matej"]
[WhiteFideId "6337058"]
[BlackFideId "14602296"]
[WhiteElo "2503"]
[BlackElo "2461"]
[Result "0-1"]
[Round "08"]
[TimeControl "180+1"]
[Date "2022.09.27"]
[WhiteClock "0:00:08"]
[BlackClock "0:00:03"]

1. g3 g6 2. Bg2 Bg7 3. Nf3 Nf6 4. O-O O-O 5. d4 d6 6. Re1 Nbd7 7. e4 e5 8. Nc3 c6 9. a4 Re8 10. h3 Qc7 11. Be3 exd4 12. Nxd4 a6 13. Bf4 Ne5 14. b3 b6 15. Kh2 Bb7 16. Qd2 Rad8 17. Rad1 b5 18. axb5 axb5 19. Qc1 b4 20. Na4 c5 21. Nb5 Qc6 22. c4 Ba6 23. Nb2 Bxb5 24. cxb5 Qxb5 25. Bxe5 dxe5 26. Nc4 Qb8 27. Ne3 Rd4 28. Nc2 Rxd1 29. Rxd1 h5 30. Ne1 Rc8 31. Qc4 h4 32. Nf3 hxg3+ 33. fxg3 Qc7 34. Ra1 Bh6 35. Ra6 Kg7 36. Ra1 Be3 37. Rf1 Rd8 38. Qe2 Bd4 39. Ng5 Rd6 40. Qc4 Be3 41. Nf3 Qe7 42. Kh1 Nh5 43. Kh2 Rf6 44. Rd1 Bd4 45. Rd2 Be3 46. Re2 Bd4 47. Ra2 Rd6 48. Ra8 Bf2 49. g4 Bg3+ 50. Kg1 Rd1+ 51. Bf1 Nf4 52. Qc2 Rd8 53. Rxd8 Qxd8 54. Bc4 Qd6 55. h4 Qf6 56. g5 Qd6 57. Kf1 Nh5 58. Ke2 Bf4 59. Qb2 Ng3+ 60. Kf2 Kf8 61. Qc2 Qc7 62. Bd5 Qc8 63. Qc4 Qh3 64. Qxc5+ Kg7 65. Bc4 Nh1+ 66. Ke2 Qg2+ 67. Kd1 Qxf3+ 68. Be2 Qc3 69. Qxc3 bxc3 70. b4 Be3 71. b5 Nf2+ 72. Kc2 Nxe4 73. h5 gxh5 74. g6 fxg6 75. b6 Bxb6 76. Bd3 Bd4 0-1


[Site "https://www.chess.com"]

[Event "Titled Tuesday Blitz September 27 Early 2022"]
[White "Papasimakopoulos, Alexandros"]
[Black "Yurovskykh, Oleksandr"]
[WhiteFideId "4244125"]
[BlackFideId "14134020"]
[WhiteElo "2357"]
[BlackElo "2303"]
[Result "1/2-1/2"]
[Round "08"]
[TimeControl "180+1"]
[Date "2022.09.27"]
[WhiteClock "0:00:07"]
[BlackClock "0:00:12"]

1. d4 d5 2. c4 dxc4 3. Nf3 Nf6 4. e3 e6 5. Bxc4 c5 6. O-O Nc6 7. a3 cxd4 8. exd4 Be7 9. Nc3 O-O 10. Re1 b6 11. Bg5 Bb7 12. Rc1 Rc8 13. Qd3 Nd5 14. Bxe7 Ncxe7 15. Ba2 Nxc3 16. bxc3 Ng6 17. Bb1 Qc7 18. Ne5 Rfd8 19. h4 Nf8 20. h5 f6 21. Ng4 Qf4 22. f3 e5 23. Qe3 Qxe3+ 24. Nxe3 exd4 25. cxd4 Rxc1 26. Rxc1 Rxd4 27. Ba2+ Kh8 28. Nf5 Rd2 29. Rc7 Rd7 30. Rc2 g6 31. Ne3 Kg7 32. Kh2 Re7 33. Rc3 f5 34. hxg6 hxg6 35. Nc4 Nd7 36. Nd6 Nc5 37. Nxb7 Rxb7 38. Re3 Kf6 39. f4 g5 40. fxg5+ Kxg5 41. Re8 Rh7+ 42. Kg3 Ne4+ 43. Kf3 Nf6 44. Re5 Rc7 45. Bb1 Rc3+ 46. Kf2 Rc5 47. Rxc5 bxc5 48. Ke3 Nd5+ 49. Kd3 Nf4+ 50. Kc4 Nxg2 51. Kxc5 Ne3 52. Bd3 f4 53. Kc6 f3 54. Kb7 a5 55. Kb6 Kf4 56. Kxa5 Nd5 57. a4 Ke3 58. Bc4 Nc3 59. Kb4 Nxa4 60. Kxa4 Kd2 61. Bb5 f2 62. Ba6 Ke1 63. Bb5 f1=Q 64. Bxf1 1/2-1/2


[Site "https://www.chess.com"]

[Event "Titled Tuesday Blitz September 27 Early 2022"]
[White "Papp, Levente"]
[Black "Girel, Joseph"]
[WhiteFideId "751243"]
[BlackFideId "36033561"]
[WhiteElo "2643"]
[BlackElo "2768"]
[Result "0-1"]
[Round "08"]
[TimeControl "180+1"]
[Date "2022.09.27"]
[WhiteClock "0:00:02"]
[BlackClock "0:02:10"]

1. b3 Nf6 2. Bb2 g6 3. Nf3 Bg7 4. g3 d6 5. d4 c5 6. dxc5 Qa5+ 7. Nbd2 Qxc5 8. Bg2 Ng4 9. Nd4 Bxd4 10. Bxd4 Qxd4 11. e3 Qc3 12. O-O Nf6 13. Nc4 O-O 14. Qf3 Nc6 15. Qf4 Be6 16. Rab1 Rac8 17. Rfd1 Bxc4 18. bxc4 b6 19. Rdc1 Ne5 20. Bf1 Nxc4 21. Rb3 Qe5 22. Qh6 Nd2 23. Rd3 Nf3+ 24. Kg2 Rxc2 25. Rxc2 Ne1+ 26. Kg1 Nxc2 27. Rd2 Nb4 28. Bc4 d5 29. Bb3 Nc6 30. Rc2 Rc8 31. Qh3 e6 32. Qf1 Ne7 33. Rd2 Nf5 34. Qa6 Rc7 0-1


[Site "https://www.chess.com"]

[Event "Titled Tuesday Blitz September 27 Early 2022"]
[White "Perez Gormaz, Matias"]
[Black "Mladek, Richard"]
[WhiteFideId "3406342"]
[BlackFideId "386588"]
[WhiteElo "2341"]
[BlackElo "2263"]
[Result "0-1"]
[Round "08"]
[TimeControl "180+1"]
[Date "2022.09.27"]
[WhiteClock "0:00:04"]
[BlackClock "0:01:29"]

1. e4 f5 2. exf5 Nf6 3. d4 d5 4. Bd3 c5 5. c3 c4 6. Bc2 e6 7. fxe6 Bd6 8. Nf3 O-O 9. O-O Bxe6 10. Bg5 Bg4 11. Nbd2 Nbd7 12. b3 Qc7 13. h3 cxb3 14. Bxb3 Bh5 15. Rc1 b5 16. c4 Ba3 17. Rc2 Kh8 18. cxd5 Qd6 19. Rc6 Qb4 20. Qc2 Qa5 21. Ne5 Nb6 22. Bxf6 gxf6 23. Ng4 Bg6 24. Qd1 Rad8 25. Nxf6 Be7 26. Nde4 Qb4 27. Qe1 Qxd4 28. Qa1 Qxa1 29. Rxa1 Nc4 30. f3 Na5 31. Re1 Nxc6 32. dxc6 Bxf6 33. c7 Bd4+ 34. Kf1 Rc8 35. Rd1 Be5 0-1


[Site "https://www.chess.com"]

[Event "Titled Tuesday Blitz September 27 Early 2022"]
[White "Petrosyan, Manuel"]
[Black "Urazayev, Arystanbek"]
[WhiteFideId "13300857"]
[BlackFideId "13709810"]
[WhiteElo "2592"]
[BlackElo "2441"]
[Result "1-0"]
[Round "08"]
[TimeControl "180+1"]
[Date "2022.09.27"]
[WhiteClock "0:00:05"]
[BlackClock "0:00:06"]

1. d4 Nf6 2. Nf3 e6 3. c4 d5 4. Nc3 c6 5. Bg5 h6 6. Bxf6 Qxf6 7. e3 Nd7 8. Be2 dxc4 9. O-O Bd6 10. Ne4 Qe7 11. Nxd6+ Qxd6 12. Bxc4 O-O 13. Rc1 Qe7 14. Bb3 Rd8 15. Qc2 e5 16. Qe4 Re8 17. Bc2 Nf6 18. Qxe5 Qb4 19. Qc5 Qxb2 20. Bb3 Ne4 21. Qb4 Be6 22. Rc2 a5 23. Qxb7 Qa3 24. Bxe6 fxe6 25. Qxc6 Nd6 26. Qc5 Qb4 27. a3 Qb8 28. Qe5 Qb3 29. Rc7 Nf7 30. Qh5 Rf8 31. Ne5 Nxe5 32. Qxe5 Rf7 33. Rxf7 Kxf7 34. Rc1 Kg8 35. h4 Qxa3 36. Qxe6+ Kh8 37. Rc8+ Rxc8 38. Qxc8+ Kh7 39. Qf5+ Kh8 40. d5 a4 41. Qc8+ Kh7 42. Qc2+ Kg8 43. d6 Qa1+ 44. Kh2 Qe5+ 45. g3 Qxd6 46. Qxa4 Kh8 47. Qf4 Qd1 48. Kg2 Kh7 49. Qf3 Qe1 50. e4 Kh8 51. Qf8+ Kh7 52. Qf5+ Kg8 53. e5 Qa5 54. Qe4 Kf7 55. Qb7+ Kg6 56. Qc6+ Kf5 57. Qd7+ Kg6 58. Qe6+ Kh7 59. h5 Qa8+ 60. Kg1 Qa1+ 61. Kh2 Qb2 62. Qf5+ Kh8 63. e6 Qe2 64. Qf8+ Kh7 65. e7 Qxh5+ 66. Kg2 Qd5+ 67. f3 Qd2+ 68. Kh3 Qd7+ 69. g4 Qd1 70. Qf5+ g6 71. Qf7+ Kh8 72. e8=Q# 1-0


[Site "https://www.chess.com"]

[Event "Titled Tuesday Blitz September 27 Early 2022"]
[White "Pham, Khoi"]
[Black "Niekras, Dawid"]
[WhiteFideId "1054988"]
[BlackFideId "1160451"]
[WhiteElo "2443"]
[BlackElo "2296"]
[Result "1-0"]
[Round "08"]
[TimeControl "180+1"]
[Date "2022.09.27"]
[WhiteClock "0:00:38"]
[BlackClock "0:00:01"]

1. d4 Nf6 2. c3 g6 3. Nd2 Bg7 4. e4 d6 5. Bd3 O-O 6. Ngf3 Qe8 7. O-O e5 8. h3 Nbd7 9. Re1 Nh5 10. Nc4 Nb6 11. Bd2 Be6 12. Ne3 Nf4 13. Bc2 Qe7 14. Nf1 Qf6 15. N1h2 h5 16. a4 a5 17. Be3 g5 18. Nd2 Qg6 19. Ndf1 f5 20. Ng3 fxe4 21. Bxe4 Qf7 22. Bxb7 Rab8 23. Bf3 g4 24. hxg4 h4 25. Nh5 Nc4 26. Bxf4 exf4 27. b3 Nb6 28. c4 Bh8 29. Qd3 Bd7 30. Be4 Rbe8 31. Bg6 Rxe1+ 32. Rxe1 1-0


[Site "https://www.chess.com"]

[Event "Titled Tuesday Blitz September 27 Early 2022"]
[White "Pinheiro, Iung Alicio de O."]
[Black "Mickiewicz, Piotr"]
[WhiteFideId "2104350"]
[BlackFideId "1114891"]
[WhiteElo "2283"]
[BlackElo "2246"]
[Result "0-1"]
[Round "08"]
[TimeControl "180+1"]
[Date "2022.09.27"]
[WhiteClock "0:00:31"]
[BlackClock "0:00:54"]

1. d4 Nf6 2. c4 g6 3. Nc3 Bg7 4. e4 O-O 5. Be2 c5 6. Nf3 cxd4 7. Nxd4 d6 8. O-O Nc6 9. Be3 Bd7 10. h3 Nxd4 11. Bxd4 Bc6 12. Qc2 a5 13. Rad1 Nd7 14. Bg4 Bxd4 15. Rxd4 Qb6 16. Rfd1 Nc5 17. Qe2 a4 18. R1d2 Qb4 19. e5 a3 20. Nd5 Bxd5 21. cxd5 Qb6 22. b4 Nb3 23. axb3 a2 24. Rxa2 Rxa2 25. Qxa2 Qxd4 26. e6 f5 27. Bf3 Rc8 28. g3 g5 29. Qa4 g4 30. hxg4 fxg4 31. Bg2 Rf8 32. Qa2 h5 33. Qc2 Kg7 34. Bf1 h4 0-1


[Site "https://www.chess.com"]

[Event "Titled Tuesday Blitz September 27 Early 2022"]
[White "Player, Edmund C"]
[Black "Rivas Garcia, Victor"]
[WhiteFideId "406520"]
[BlackFideId "2217740"]
[WhiteElo "2092"]
[BlackElo "2315"]
[Result "0-1"]
[Round "08"]
[TimeControl "180+1"]
[Date "2022.09.27"]
[WhiteClock "0:00:09"]
[BlackClock "0:00:43"]

1. e4 c5 2. Nf3 Nc6 3. Bb5 Nf6 4. e5 Nd5 5. O-O Nc7 6. Bxc6 dxc6 7. Re1 g6 8. Nc3 Bg7 9. Ne4 Ne6 10. d3 O-O 11. Be3 b6 12. Qd2 Re8 13. Bh6 Bh8 14. Neg5 Nxg5 15. Nxg5 f6 16. exf6 exf6 17. Rxe8+ Qxe8 18. Re1 Qd8 19. Qe3 Bf5 20. Nf3 Kf7 21. Nd2 Qd7 22. Nc4 Be6 23. Qf4 Bxc4 24. Qxc4+ Qd5 25. Qa6 Qd7 26. h3 Re8 27. Rxe8 Kxe8 28. Be3 f5 29. Qc4 Qd5 30. Qh4 Qd7 31. b3 Qe7 32. Qxe7+ Kxe7 33. Kf1 Ke6 34. Ke2 Bd4 35. Bf4 b5 36. Bb8 a6 37. Ba7 Kd5 38. c4+ Ke5 39. g3 Ke6 40. b4 Kd6 41. f3 h6 42. g4 fxg4 43. fxg4 h5 44. Kf3 Bg1 45. Ke4 hxg4 46. hxg4 Bd4 47. Kf4 Ke6 48. Kg5 Kf7 49. Kh6 Bg7+ 50. Kg5 cxb4 51. cxb5 axb5 52. Bc5 Bc3 53. d4 Bd2+ 54. Kh4 Ke6 55. Kg3 Kd5 56. Kf3 Kc4 57. Ke4 b3 58. axb3+ Kxb3 59. Ke5 Kc4 60. Kd6 b4 61. Kxc6 b3 62. Ba3 Bb4 63. Bb2 Bc3 64. d5 Bxb2 65. d6 Bf6 66. d7 b2 67. Kd6 b1=Q 68. Ke6 Bd8 69. Kf7 Qe4 70. Kg7 Qxg4 71. Kf7 Qxd7+ 72. Kg8 Bf6 73. Kf8 Qe7+ 74. Kg8 Qg7# 0-1


[Site "https://www.chess.com"]

[Event "Titled Tuesday Blitz September 27 Early 2022"]
[White "Poltorak, Sebastian"]
[Black "Kvon, Andrey"]
[WhiteFideId "1199498"]
[BlackFideId "14201356"]
[WhiteElo "2104"]
[BlackElo "2458"]
[Result "0-1"]
[Round "08"]
[TimeControl "180+1"]
[Date "2022.09.27"]
[WhiteClock "0:00:02"]
[BlackClock "0:01:21"]

1. d4 f5 2. Nf3 Nf6 3. Nc3 d5 4. Bf4 c6 5. e3 e6 6. Ne5 Nbd7 7. Bd3 Be7 8. h3 Nxe5 9. Bxe5 O-O 10. g4 Nd7 11. Bg3 Qb6 12. Qd2 Qxb2 13. Rb1 Qa3 14. gxf5 exf5 15. Rg1 Qa5 16. h4 b6 17. h5 Ba6 18. h6 g6 19. Bf4 Bxd3 20. Qxd3 Rae8 21. Kd2 Bb4 22. a3 Qxa3 23. Rb3 Qa5 24. Rgb1 Bxc3+ 25. Rxc3 Nf6 26. f3 Nh5 27. Bd6 Rf6 28. Bb4 Qb5 29. Qxb5 cxb5 30. Rc7 a5 31. Bc3 b4 32. Bxb4 axb4 33. Rxb4 f4 34. e4 dxe4 35. fxe4 f3 36. Ke1 f2+ 0-1


[Site "https://www.chess.com"]

[Event "Titled Tuesday Blitz September 27 Early 2022"]
[White "Pourkashiyan, Atousa"]
[Black "Guerrero Olmos, Sergio"]
[WhiteFideId "12502014"]
[BlackFideId "2257238"]
[WhiteElo "2247"]
[BlackElo "2259"]
[Result "0-1"]
[Round "08"]
[TimeControl "180+1"]
[Date "2022.09.27"]
[WhiteClock "0:00:01"]
[BlackClock "0:00:28"]

1. e4 e6 2. d4 d5 3. Nd2 c5 4. exd5 Qxd5 5. Ngf3 cxd4 6. Bc4 Qd6 7. O-O Nf6 8. Nb3 Nc6 9. Nbxd4 Nxd4 10. Nxd4 a6 11. Re1 Be7 12. c3 O-O 13. Bg5 Qc5 14. Bxf6 Bxf6 15. Bd3 Rd8 16. Qc2 g6 17. Nf3 Bd7 18. Be4 Bc6 19. Bxc6 Qxc6 20. Ne5 Qb5 21. c4 Qa5 22. Ng4 Bg7 23. Re2 Rd4 24. h3 Rad8 25. Qb3 Qc7 26. Rc1 b5 27. Ne3 Rd3 28. Qc2 b4 29. c5 Bh6 30. c6 R8d6 31. Qc4 a5 32. Ree1 Rd2 33. Ng4 Bg7 34. Qb5 h5 35. Ne5 R6d5 0-1


[Site "https://www.chess.com"]

[Event "Titled Tuesday Blitz September 27 Early 2022"]
[White "Principe, Gerson"]
[Black "Agasarov, Benik"]
[WhiteFideId "3804550"]
[BlackFideId "13314823"]
[WhiteElo "2280"]
[BlackElo "2152"]
[Result "0-1"]
[Round "08"]
[TimeControl "180+1"]
[Date "2022.09.27"]
[WhiteClock "0:00:01"]
[BlackClock "0:01:51"]

1. Nf3 Nf6 2. b3 g6 3. Bb2 Bg7 4. e3 O-O 5. Be2 d6 6. d4 Nbd7 7. O-O e5 8. c4 e4 9. Nfd2 Re8 10. Nc3 Nf8 11. b4 h5 12. a4 h4 13. b5 h3 14. g3 N8h7 15. Qb3 Ng5 16. Rfc1 Bg4 17. Qd1 Qd7 18. Nd5 Bxe2 19. Nxf6+ Bxf6 20. Qxe2 Qf5 21. a5 Kg7 22. c5 d5 23. a6 b6 24. cxb6 cxb6 25. Rc6 Rec8 26. Rac1 Rxc6 27. Rxc6 Rc8 28. Ba3 Qd7 29. Rd6 Qe7 30. Qd1 Rd8 31. Rxd8 Qxd8 32. f4 exf3 33. Nxf3 Ne4 34. Nd2 Qe8 35. Nf1 Qxb5 36. Qg4 Qxa6 0-1


[Site "https://www.chess.com"]

[Event "Titled Tuesday Blitz September 27 Early 2022"]
[White "Quirke, Jeffrey"]
[Black "Fernandez Hernandez, Gerardo"]
[WhiteFideId "2013029"]
[BlackFideId "2207400"]
[WhiteElo "2133"]
[BlackElo "2162"]
[Result "0-1"]
[Round "08"]
[TimeControl "180+1"]
[Date "2022.09.27"]
[WhiteClock "0:00:20"]
[BlackClock "0:00:21"]

1. c4 e5 2. g3 d6 3. Bg2 f5 4. Nc3 Nf6 5. d3 Be7 6. Nf3 O-O 7. b4 a5 8. b5 Nbd7 9. O-O Qe8 10. Nd5 Bd8 11. Bb2 Qh5 12. e3 g5 13. Nd2 g4 14. a4 Nc5 15. Qc2 Ne6 16. Ba3 Ng5 17. b6 c6 18. Nxf6+ Rxf6 19. Rfe1 Nf3+ 20. Nxf3 gxf3 21. Bf1 Rh6 22. h3 f4 23. exf4 Bxh3 0-1


[Site "https://www.chess.com"]

[Event "Titled Tuesday Blitz September 27 Early 2022"]
[White "Ravi, Teja S."]
[Black "Skliarov, Viktor"]
[WhiteFideId "5017220"]
[BlackFideId "14106736"]
[WhiteElo "2769"]
[BlackElo "2660"]
[Result "1-0"]
[Round "08"]
[TimeControl "180+1"]
[Date "2022.09.27"]
[WhiteClock "0:00:41"]
[BlackClock "0:00:03"]

1. d4 Nf6 2. Nf3 g6 3. Bg5 Bg7 4. Nbd2 d5 5. c3 O-O 6. e3 c5 7. Be2 cxd4 8. exd4 Nc6 9. O-O Rb8 10. Bf4 Ra8 11. h3 Bf5 12. Ne5 Nxe5 13. Bxe5 Ne4 14. Bxg7 Kxg7 15. Re1 Nxd2 16. Qxd2 Qd6 17. Bf3 Bd7 18. h4 Bc6 19. h5 Qf6 20. Re5 e6 21. Rae1 Rad8 22. Qe3 Rfe8 23. g4 Qe7 24. g5 Rd6 25. Bg4 Bd7 26. hxg6 hxg6 27. Kg2 Rh8 28. Qg3 Bc6 29. R5e3 Rd7 30. Qe5+ Kg8 31. Rh1 Rxh1 32. Kxh1 Qd6 33. Qf6 Qe7 34. Qf4 Qd6 35. Qf3 Rc7 36. Kg2 Be8 37. Re1 b5 38. Rh1 Qf8 39. Bxe6 Qg7 40. Bxd5 Bd7 41. Bxf7+ Kf8 42. Bxg6+ Ke7 43. Rh7 1-0


[Site "https://www.chess.com"]